 Dungeon Crawl Stone Soup version 0.29.1-13-g9f3cf754e1 (webtiles) character file.

Game seed: 7307388005629702930

95 DemonSlayer the Digger (level 4, -4/30 HPs)
             Began as a Demonspawn Earth Elementalist on Feb 2, 2023.
             Slain by a gnoll
             ... wielding a +0 halberd
              (10 damage)
             ... on level 3 of the Dungeon.
             The game lasted 00:04:03 (2238 turns).

DemonSlayer the Digger (DsEE)                       Turns: 2238, Time: 00:04:04

Health: -4/30      AC:  3    Str: 10    XL:     4   Next: 39%
Magic:  1/7        EV: 11    Int: 23    God:
Gold:   102        SH:  0    Dex: 13    Spells: 4/8 levels left

rFire   . . .      SeeInvis .   g - +2 whip (venom)
rCold   . . .      Faith    .   (no shield)
rNeg    . . .      Spirit   .   h - +0 leather armour
rPois   .          Reflect  .   (no helmet)
rElec   .          Harm     .   (no cloak)
rCorr   .          Rampage  .   (no gloves)
Will    .....                   (no boots)
Stlth   ++........              (no amulet)
HPRegen 0.10/turn               e - +6 ring of intelligence
MPRegen 0.10/turn               (no ring)

@: no status effects
A: spiny 1, weakness stinger 1
a: no special abilities


You were on level 3 of the Dungeon.
You visited 1 branch of the dungeon, and saw 3 of its levels.

You collected 102 gold pieces.

Inventory:

Hand Weapons
 b - a +1 short sword of electrocution
 g - a +2 whip of venom (weapon)
Missiles
 c - 6 poisoned darts
Armour
 h - a +0 leather armour (worn)
Jewellery
 e - a +6 ring of intelligence (left hand)
Wands
 l - a wand of acid (4)
Scrolls
 j - a scroll of silence
 k - a scroll of noise {unknown}
 m - a scroll of magic mapping {unknown}
Potions
 a - 2 potions of heal wounds
 d - a potion of resistance
 f - 4 potions of curing
 i - a potion of might


   Skills:
 + Level 0.5 Short Blades
 + Level 1.3 Armour
 + Level 1.9 Dodging
 + Level 2.1 Stealth
 + Level 0.1 Unarmed Combat
 + Level 2.5 Spellcasting
 + Level 0.8 Transmutations
 + Level 3.7 Earth Magic


You had 4 spell levels left.
You knew the following spells:

 Your Spells              Type           Power      Damage    Failure   Level
a - Sandblast             Erth           40%        2d10      3%          1
b - Stone Arrow           Conj/Erth      22%        3d8       22%         3

Your spell library contained the following spells:

 Spells                   Type           Power      Damage    Failure   Level
 Passwall                 Tmut/Erth      10%        N/A       10%         2
 Call Canine Familiar     Summ           2%         N/A       43%         3
 Ozocubu's Armour         Ice            2%         N/A       43%         3
 Portal Projectile        Hex/Tloc       4%         N/A       43%         3
 Petrify                  Tmut/Erth      13%        N/A       52%         4
 Leda's Liquefaction      Hex/Erth       5%         N/A       58%         4
 Ozocubu's Refrigeration  Ice            1%         4d7       100%        7


Dungeon Overview and Level Annotations

Branches:
Dungeon (3/15)

Altars:


Innate Abilities, Weirdness & Mutations

You are partially covered in sharp spines.
You have a small tail.


Message History

Done exploring.
Done exploring.
This spell is quite dangerous to cast!
Memorise Stone Arrow, consuming 3 spell levels and leaving 3?
You start memorising the spell.
You continue memorising. x3
You finish memorising.
Spell assigned to 'b'.
Okay, then.
(D) Dungeon
Where to? (Enter - D:2, ? - help)
What level of the Dungeon? (default 1, ? - help)
There is a stone staircase leading down here.
You climb downwards.
Found a stone staircase leading up.
There is a stone staircase leading up here.
A gnoll is nearby!
A gnoll is nearby!
A gnoll is nearby!
A gnoll is nearby!
A gnoll is nearby!
You can't see any susceptible monsters within range! (Use Z to cast anyway.)
The blast of sand hits the gnoll!
The gnoll is almost dead.
The gnoll shouts!
You hear a shout! x2
The blast of sand hits the gnoll!
You kill the gnoll!
A gnoll comes into view. It is wielding a +0 flail.
The blast of sand hits the gnoll!
The gnoll is severely wounded.
A gnoll comes into view. It is wielding a +0 halberd.
The blast of sand hits the gnoll!
You kill the gnoll!
A gnoll is nearby!
The blast of sand hits the gnoll!
The gnoll is heavily wounded.
The gnoll hits you from afar with a +0 halberd!
The blast of sand misses the gnoll.
The gnoll hits you from afar with a +0 halberd!
* * * LOW HITPOINT WARNING * * *
The gnoll hits you from afar with a +0 halberd!
You die...

.. #.#.. .#..
.#.##### ......
.... #.#####.# #
#.)g.@..#.#
........#<..#
.................
..............<##
###.###..#######
... ...# #.#
.#..# #. ##..##
#.#


You could see a gnoll.

Vanquished Creatures
  2 gnolls (D:3)
  3 adders (D:2)
  A worm (D:2)
  5 orcs (D:2)
  3 endoplasms
  2 goblins
  2 hobgoblins
  8 jackals (D:1)
  6 kobolds
  A quokka (D:2)
  2 ball pythons (D:2)
  2 bats
  2 frilled lizards
  A rat (D:2)
40 creatures vanquished.

Notes
Turn   | Place    | Note
-------+----------+-------------------------------------------
     0 | D:1      | DemonSlayer the Demonspawn Earth Elementalist began the
                  | quest for the Orb.
     0 | D:1      | Reached XP level 1. HP: 13/13 MP: 3/3
   112 | D:1      | Reached skill level 3 in Earth Magic
   479 | D:1      | Gained mutation: You have a small tail. [demonic ancestry]
   479 | D:1      | Reached XP level 2. HP: 19/19 MP: 3/5
   943 | D:1      | Found a faded altar of an unknown god.
  1658 | D:2      | Reached XP level 3. HP: 24/24 MP: 3/6
  1750 | D:2      | Reached skill level 1 in Armour
  1871 | D:2      | Gained mutation: You are partially covered in sharp spines.
                  | [demonic ancestry]
  1871 | D:2      | Reached XP level 4. HP: 30/30 MP: 3/7
  2217 | D:2      | Learned a level 3 spell: Stone Arrow
  2238 | D:3      | Slain by a gnoll

Illustrated notes

Levels and vault maps discovered:
D:1:      minmay_arrival_doors, layout_rooms,
          hellmonk_ecumenical_altar_lost_god, serial_corexii_hall,
          corexii_hall_statues_x, corexii_hall_statues_l,
          corexii_hall_statues_t, chequers_hall_statues_corner_a
D:2:      layout_rooms
D:3:      layout_basic, tgw_sif, mainiacjoe_overflow_brackets, minivault_11,
          minmay_fractal_squares_diagonal_5, uniq_terence, uniq_sigmund,
          uniq_jessica, uniq_crazy_yiuf_cottage, uniq_ijyb

Skill      XL: |  1  2  3 |
---------------+----------+-----
Stealth        | 2 |  2.1
Earth Magic    | 3 |  3.7
Armour         | 1 |  1.3
Short Blades   | |  0.5
Dodging        | |  1.9
Unarmed Combat | |  0.1
Spellcasting   | |  2.5
Transmutations | |  0.8

Action                   |  1- 3 |  4- 6 || total
-------------------------+-------+-------++-------
Melee: Unarmed           |     5 |       ||     5
       Short sword       |     5 |       ||     5
       Whip              |     1 |     1 ||     2
       Tailslap          |     1 |       ||     1
 Cast: Sandblast         |    44 |    13 ||    57
  Use: Scroll            |     6 |     1 ||     7
       Potion            |     1 |       ||     1
Armor: Robe              |     5 |       ||     5
       Leather armour    |     1 |       ||     1
Dodge: Dodged            |    24 |     2 ||    26
